 Dungeon Crawl Stone Soup version 0.30.0-29-ga12c61a403 (webtiles) character file.

Game seed: 15256693134491706916

4 Graphine the Chiller (level 1, -6/14 HPs)
             Began as a Draconian Ice Elementalist on June 22, 2023.
             Mangled by a gnoll
             ... wielding a +0 flail
              (9 damage)
             ... on level 1 of the Dungeon.
             The game lasted 00:00:18 (93 turns).

Graphine the Chiller (Draconian Ice Elementalist)     Turns: 93, Time: 00:00:18

Health: -6/14      AC:  4    Str: 10    XL:     1   Next: 58%
Magic:  0/3        EV: 12    Int: 15    God:
Gold:   18         SH:  0    Dex: 11    Spells: 3/4 levels left

rFire   . . .        (no weapon)
rCold   . . .        (no shield)
rNeg    . . .        (body armour unavailable)
rPois   .            (helmet restricted)
rElec   .            (no cloak)
rCorr   .            (no gloves)
SInv    .            (no boots)
Will    .....        (no amulet)
Stlth   ++           (no ring)
HPRegen 0.22/turn    (no ring)
MPRegen 0.08/turn

%: no passive effects
@: no status effects
A: AC +4, unfitting armour, cold-blooded
a: no special abilities


You were on level 1 of the Dungeon.
You visited 1 branch of the dungeon, and saw 1 of its levels.

You collected 18 gold pieces.

Inventory:

Scrolls
 b - 3 scrolls of teleportation {unknown}
 c - 2 scrolls of enchant weapon {unknown}
Potions
 a - a potion of magic


   Skills:
 + Level 1.9 Dodging
 + Level 1.9 Stealth
 + Level 2.1 Spellcasting
 + Level 4.0 Ice Magic


You had 3 spell levels left.
You knew the following spells:

 Your Spells              Type           Power      Damage    Failure   Level
a - Freeze                Ice            52%        1d6       4%          1

Your spell library contained the following spells:

 Spells                   Type           Power      Damage    Failure   Level
 Frozen Ramparts          Ice            26%        1d4       12%         3
 Ozocubu's Armour         Ice            13%        N/A       12%         3
 Summon Ice Beast         Ice/Summ       7%         N/A       67%         4


Dungeon Overview and Level Annotations

Branches:
Dungeon (1/15)

Altars:


Innate Abilities, Weirdness & Mutations

Your plain brown scales are hard. (AC +4)
You cannot fit into any form of body armour.
You are cold-blooded and may be slowed by cold attacks.


Message History

Found 5 gold pieces.
A bat is nearby!
An endoplasm comes into view.
You can't see any susceptible monsters within range! (Use Z to cast anyway.)
A goblin comes into view. It is wielding a +0 dagger.
Found 11 gold pieces.
The endoplasm quivers.
The bat completely misses you.
You can't see any susceptible monsters within range! (Use Z to cast anyway.)
The goblin shouts!
The bat hits you but does no damage.
A gnoll comes into view. It is wielding a +0 flail.
The gnoll shouts!
The bat hits you but does no damage. The bat barely misses you.
The bat hits you but does no damage.
You barely miss the bat. The bat closely misses you.
The goblin barely misses you. The endoplasm barely misses you.
You freeze the bat!
You kill the bat!
The endoplasm freezes you.
You are frozen.
The goblin misses you.
You freeze the endoplasm.
The endoplasm is heavily wounded.
The endoplasm misses you. The goblin closely misses you.
You freeze the endoplasm.
You kill the endoplasm!
The goblin barely misses you. The gnoll hits you with a +0 flail.
You are too injured to fight recklessly!
You hit the goblin but do no damage. The goblin hits you with a +0 dagger.
* * * LOW HITPOINT WARNING * * *
The gnoll misses you.
You closely miss the goblin. The goblin barely misses you.
The gnoll closely misses you.
You closely miss the goblin.
Your tail-slap misses the goblin.
The goblin barely misses you. The gnoll hits you with a +0 flail.
* * * LOW HITPOINT WARNING * * *
You closely miss the goblin. The goblin closely misses you.
The gnoll hits you with a +0 flail!
Ouch! That really hurt!
You die...

### .... ...######
.....# ........#
#.....#
........###.....#
................#
.............$..#
................
.......g@g..# ..
............########..
......................
#.#.........##........
# #.........##......#.
######..$.##......#
#....##......#
#########......#####
...............+....


You could see a gnoll and a goblin.

Vanquished Creatures
  2 bats (D:1)
  An endoplasm (D:1)
  A rat (D:1)
4 creatures vanquished.

Notes
Turn   | Place    | Note
-------+----------+-------------------------------------------
     0 | D:1      | Graphine the Draconian Ice Elementalist began the quest for
                  | the Orb.
     0 | D:1      | Reached XP level 1. HP: 14/14 MP: 3/3
    93 | D:1      | Mangled by a gnoll

Illustrated notes

Levels and vault maps discovered:
D:1:      moated_graveyard_arrival, layout_basic, serial_shops, shop

Action                     || total
---------------------------++-------
  Melee: Unarmed           ||     6
   Cast: Freeze            ||     5
 Armour: Skin              ||     4
  Dodge: Dodged            ||    18
